WCHLSIM.com - West Coast Hockey League
html PUBLIC "-//W3C//DTD XHTML 1.0 Transitional//EN" "http://www.w3.org/TR/xhtml1/DTD/xhtml1-transitional.dtd"> WCHL - Game 481 - SAN JOSE BRONCOS vs VICTORIA GLADIATORS

SAN JOSE BRONCOS vs VICTORIA GLADIATORS

Created - 20 janvier 2021 at 23:38

Goals
1 2 3 T
SAN JOSE BRONCOS 0 0 1 1
VICTORIA GLADIATORS 0 0 0 0
Shots
1 2 3 T
SAN JOSE BRONCOS 10 11 13 34
VICTORIA GLADIATORS 4 5 11 20

1st period

No Goal

Penalties :
Nick Holden (VIC) for Hooking (Minor) at 2:14, Brady Skjei (VIC) for Hooking (Minor) at 19:30

2nd period

No Goal

Penalties :
Jared McCann (VIC) for Tripping (Minor) at 3:46, Tyler Motte (SJO) for Slashing (Minor) at 6:15, Nick Holden (VIC) for Holding (Minor) at 12:28, Matt Irwin (SJO) for Holding (Minor) at 19:03

3rd period

1. SAN JOSE BRONCOS , Brayden Point 11 (Oliver Bjorkstrand 16) at 3:10

Penalties :
Nikita Zaitsev (VIC) for Holding (Minor) at 11:32, Adam Pelech (SJO) for Holding (Minor) at 18:39

Goalie Stats

Jacob Markstrom (SJO), 20 saves from 20 shots - (1,000), W, 13-8-0, 60:00 minutes
Carter Hart (VIC), 33 saves from 34 shots - (0,971), L, 18-7-0, 59:29 minutes

Players Stats for SAN JOSE BRONCOS

Player Name              G  A  P  +/- PIM S  H  SB GA TA FO     MP     PP MP  PK MP  
------------------------------------------------------------------------------------
Adam Pelech              0  0  0   1  2   1  4  1  0  0  0/0    21:47   4:58   2:20 
Anthony Beauvillier      0  0  0   0  0   1  1  0  0  0  1/2    12:11   0:38   0:00 
Brayden Point            1  0  1   1  0   5  1  0  0  0  9/34   21:27   6:18   0:00 
Charlie Coyle            0  0  0   0  0   1  0  0  0  0  5/9     4:41   0:00   0:06 
Chris Tanev              0  0  0   1  0   1  0  0  0  0  0/0    21:57   4:58   2:29 
Claude Giroux            0  0  0   0  0   2  1  0  0  0  1/1    18:19   2:59   1:50 
Connor Brown             0  0  0   0  0   3  1  0  0  0  0/1    18:54   5:24   0:00 
David Kampf              0  0  0   0  0   0  0  0  0  0  0/0     5:13   0:38   0:00 
Elias Lindholm           0  0  0   1  0   2  1  0  0  0  0/0    21:27   6:18   0:00 
Evgeni Malkin            0  0  0   0  0   2  1  0  0  0  20/28  19:57   2:59   3:28 
Hampus Lindholm          0  0  0   0  0   0  1  1  0  0  0/0    25:07   4:19   3:29 
Jaccob Slavin            0  0  0   0  0   0  0  1  0  0  0/0    23:45   4:19   2:07 
Jesper Bratt             0  0  0   0  0   3  1  0  0  0  0/0    12:11   0:38   0:00 
Marco Scandella          0  0  0   0  0   1  0  0  0  0  0/0    13:47   0:38   0:11 
Matt Irwin               0  0  0   0  2   0  1  0  0  0  0/0    13:35   0:38   0:00 
Nick Bonino              0  0  0   0  0   4  0  0  0  0  4/12   13:17   0:00   1:44 
Oliver Bjorkstrand       0  1  1   1  0   7  1  0  0  0  0/0    22:30   3:53   3:28 
Tyler Motte              0  0  0   0  2   1  1  1  0  0  0/0     4:34   0:00   0:00 

Players Stats for VICTORIA GLADIATORS

Player Name              G  A  P  +/- PIM S  H  SB GA TA FO     MP     PP MP  PK MP  
------------------------------------------------------------------------------------
Andrew Cogliano          0  0  0   0  0   0  0  0  0  0  0/0     1:48   0:00   0:08 
Anze Kopitar             0  0  0   0  0   1  0  1  0  0  14/28  19:25   2:41   0:00 
Brady Skjei              0  0  0  -1  2   1  0  4  0  0  0/0    21:35   2:39   1:48 
Bryan Rust               0  0  0   0  0   3  0  0  0  0  3/3    19:25   2:41   0:00 
Conor Garland            0  0  0   0  0   1  0  1  0  0  1/4    18:47   2:04   0:00 
Derek Grant              0  0  0   0  0   0  0  0  0  0  5/10    6:55   0:00   5:15 
Duncan Keith             0  0  0   0  0   1  1  1  0  0  0/0    22:39   0:00   4:24 
Esa Lindell              0  0  0   0  0   0  0  4  0  0  0/0    23:20   0:00   5:05 
Jakub Voracek            0  0  0   0  0   1  0  0  0  0  1/2    19:21   2:37   0:00 
Jared McCann             0  0  0  -1  2   0  1  0  0  0  0/0    10:26   0:47   0:00 
Johan Larsson            0  0  0  -1  0   3  2  1  0  0  7/15   14:45   0:33   4:32 
John Hayden              0  0  0   0  0   0  0  0  0  0  0/0     6:55   0:00   5:15 
Kyle Connor              0  0  0   0  0   4  1  0  0  0  0/1    18:37   1:54   0:00 
Mattias Janmark          0  0  0  -1  0   1  0  0  0  0  2/2    14:12   0:00   4:32 
Mikael Backlund          0  0  0   0  0   0  0  0  0  0  14/22  19:28   2:37   0:08 
Nick Holden              0  0  0   0  4   1  1  1  0  0  0/0    15:02   2:39   3:02 
Nikita Zaitsev           0  0  0  -1  2   2  3  3  0  0  0/0    19:47   2:39   0:00 
Torey Krug               0  0  0   0  0   1  1  2  0  0  0/0    17:33   2:39   5:31 

3 Stars

1 - Jacob Markstrom (SJO)
2 - Carter Hart (VIC)
3 - Brayden Point (SJO)

Power Play

SAN JOSE BRONCOS - 0 on 5 Attempt(s) - 0,00%
VICTORIA GLADIATORS - 0 on 3 Attempt(s) - 0,00%

Penalty Kill

SAN JOSE BRONCOS - 3 on 3 Attempt(s) - 100,00% - Score 0 goal in Penalty Kill
VICTORIA GLADIATORS - 5 on 5 Attempt(s) - 100,00% - Score 0 goal in Penalty Kill

Team Stat

SAN JOSE BRONCOS - Hits : 15 - Faceoff Wins : 40 - Blocked Shots : 4 - Penalty Minutes : 6
VICTORIA GLADIATORS - Hits : 10 - Faceoff Wins : 47 - Blocked Shots : 18 - Penalty Minutes : 10

Official

Referees : Andrew Howard and Mike Duco
Linesman : Derek Wahl and Libor Suchanek

Game Notes

No Game Note

Finance

Level 1 -- Attendance: 6300 (100,00%) -- Ticket Income 907 200 $
Level 2 -- Attendance: 5300 (100,00%) -- Ticket Income 551 200 $
Level 3 -- Attendance: 2148 (97,64%) -- Ticket Income 201 912 $
Level 4 -- Attendance: 4200 (100,00%) -- Ticket Income 226 800 $
Luxury Box -- Attendance: 946 (94,60%) -- Ticket Income 295 152 $
Game was played at the Verizon Center.
Total Attendance: 18894 (99,44%)
Total Ticket Income: 2 182 264 $
Other Expense: 21 823 $
Total Income: 2 160 441 $

SAN JOSE BRONCOS

5 vs 5 Forward 
   Center                   Left Wing                Right Wing               Time % Phy DF OF 
 1 Brayden Point            Oliver Bjorkstrand       Elias Lindholm           36     1   2  2  
 2 Evgeni Malkin            Claude Giroux            Connor Brown             33     1   2  2  
 3 Nick Bonino              Anthony Beauvillier      Jesper Bratt             25     1   2  2  
 4 Charlie Coyle            Tyler Motte              David Kampf              6      1   2  2  

5 vs 5 Defense 
   Defense                  Defense                                           Time % Phy DF OF 
 1 Jaccob Slavin            Hampus Lindholm                                   40     1   2  2  
 2 Chris Tanev              Adam Pelech                                       35     1   2  2  
 3 Marco Scandella          Matt Irwin                                        25     1   2  2  
 4 Hampus Lindholm          Jaccob Slavin                                     0      1   2  2  

PowerPlay Forward 
   Center                   Left Wing                Right Wing               Time % Phy DF OF 
 1 Brayden Point            Elias Lindholm           Connor Brown             60     1   2  2  
 2 Evgeni Malkin            Claude Giroux            Oliver Bjorkstrand       40     1   2  2  

PowerPlay Defense
   Defense                  Defense                                           Time % Phy DF OF 
 1 Jaccob Slavin            Hampus Lindholm                                   60     1   2  2  
 2 Adam Pelech              Chris Tanev                                       40     1   2  2  

Penalty Kill 4 Players Forward 
   Center                   Wing                     Time % Phy DF OF 
 1 Evgeni Malkin            Oliver Bjorkstrand       50     1   2  2  
 2 Nick Bonino              Claude Giroux            50     1   2  2  

Penalty Kill 4 Players Defense
   Defense                  Defense                  Time % Phy DF OF 
 1 Jaccob Slavin            Chris Tanev              50     1   2  2  
 2 Hampus Lindholm          Adam Pelech              50     1   2  2  

Penalty Kill - 3 Players Forward 
   Forward                                           Time % Phy DF OF 
 1 Nick Bonino                                       50     1   2  2  
 2 Evgeni Malkin                                     50     1   2  2  

Penalty Kill - 3 Players Defense
   Defense                  Defense                  Time % Phy DF OF 
 1 Jaccob Slavin            Chris Tanev              55     1   2  2  
 2 Marco Scandella          Adam Pelech              45     1   2  2  

4 vs 4 Forward 
   Center                   Wing                     Time % Phy DF OF 
 1 Brayden Point            Claude Giroux            50     1   2  2  
 2 Elias Lindholm           Anthony Beauvillier      50     1   2  2  

4 vs 4 Defense
   Defense                  Defense                  Time % Phy DF OF 
 1 Chris Tanev              Marco Scandella          50     1   2  2  
 2 Adam Pelech              Matt Irwin               50     1   2  2  

Last Minutes Offensive
   Center                   Left Wing                Right Wing               Defense                  Defense                  
   Evgeni Malkin            Claude Giroux            Elias Lindholm           Jaccob Slavin            Hampus Lindholm          

Last Minutes Defensive
   Center                   Left Wing                Right Wing               Defense                  Defense                  
   Evgeni Malkin            Oliver Bjorkstrand       Connor Brown             Chris Tanev              Jaccob Slavin            

Goaltenders
Starting : Jacob Markstrom          
Backup : Petr Mrazek              

Extra Forwards
Normal : Connor Brown, Elias Lindholm, Charlie Coyle - PP : Oliver Bjorkstrand, Anthony Beauvillier - PK : Charlie Coyle
Extra Defensemen
Normal : Chris Tanev, Marco Scandella, Adam Pelech - PP : Hampus Lindholm - PK : Chris Tanev, Adam Pelech
Penalty Shots
Brayden Point, Elias Lindholm, Connor Brown, Oliver Bjorkstrand, Claude Giroux
Custom OT Lines Forwards
Brayden Point, Claude Giroux, Evgeni Malkin, Oliver Bjorkstrand, Elias Lindholm, Connor Brown, Nick Bonino, Anthony Beauvillier, Charlie Coyle, Jesper Bratt
Custom OT Lines Defensemen
Jaccob Slavin, Hampus Lindholm, Chris Tanev, Adam Pelech, Marco Scandella

Scratches
Neal Pionk (Left Hip Injury)

VICTORIA GLADIATORS

5 vs 5 Forward 
   Center                   Left Wing                Right Wing               Time % Phy DF OF 
 1 Anze Kopitar             Bryan Rust               Jakub Voracek            36     0   1  4  
 2 Mikael Backlund          Kyle Connor              Conor Garland            34     0   2  3  
 3 Johan Larsson            Jared McCann             Mattias Janmark          23     1   2  2  
 4 Derek Grant              Andrew Cogliano          John Hayden              7      0   4  1  

5 vs 5 Defense 
   Defense                  Defense                                           Time % Phy DF OF 
 1 Duncan Keith             Esa Lindell                                       40     0   4  1  
 2 Brady Skjei              Nikita Zaitsev                                    35     0   4  1  
 3 Torey Krug               Nick Holden                                       25     0   4  1  
 4 Brady Skjei              Nikita Zaitsev                                    0      0   4  1  

PowerPlay Forward 
   Center                   Left Wing                Right Wing               Time % Phy DF OF 
 1 Anze Kopitar             Kyle Connor              Bryan Rust               50     0   1  4  
 2 Mikael Backlund          Conor Garland            Jakub Voracek            50     0   1  4  

PowerPlay Defense
   Defense                  Defense                                           Time % Phy DF OF 
 1 Brady Skjei              Nikita Zaitsev                                    50     0   2  3  
 2 Torey Krug               Nick Holden                                       50     0   2  3  

Penalty Kill 4 Players Forward 
   Center                   Wing                     Time % Phy DF OF 
 1 Johan Larsson            Mattias Janmark          50     0   5  0  
 2 Derek Grant              John Hayden              50     0   5  0  

Penalty Kill 4 Players Defense
   Defense                  Defense                  Time % Phy DF OF 
 1 Duncan Keith             Esa Lindell              50     0   5  0  
 2 Torey Krug               Nick Holden              50     0   5  0  

Penalty Kill - 3 Players Forward 
   Forward                                           Time % Phy DF OF 
 1 Johan Larsson                                     50     0   5  0  
 2 Mattias Janmark                                   50     0   5  0  

Penalty Kill - 3 Players Defense
   Defense                  Defense                  Time % Phy DF OF 
 1 Duncan Keith             Esa Lindell              50     0   5  0  
 2 Brady Skjei              Nikita Zaitsev           50     0   5  0  

4 vs 4 Forward 
   Center                   Wing                     Time % Phy DF OF 
 1 Anze Kopitar             Bryan Rust               50     0   4  1  
 2 Mikael Backlund          Jared McCann             50     0   4  1  

4 vs 4 Defense
   Defense                  Defense                  Time % Phy DF OF 
 1 Duncan Keith             Esa Lindell              50     0   4  1  
 2 Torey Krug               Nick Holden              50     0   4  1  

Last Minutes Offensive
   Center                   Left Wing                Right Wing               Defense                  Defense                  
   Anze Kopitar             Bryan Rust               Jakub Voracek            Brady Skjei              Nikita Zaitsev           

Last Minutes Defensive
   Center                   Left Wing                Right Wing               Defense                  Defense                  
   Johan Larsson            John Hayden              Mattias Janmark          Duncan Keith             Esa Lindell              

Goaltenders
Starting : Carter Hart              
Backup : Jack Campbell            

Extra Forwards
Normal : Jakub Voracek, Conor Garland, Kyle Connor - PP : Jared McCann, Johan Larsson - PK : Mikael Backlund
Extra Defensemen
Normal : Nikita Zaitsev, Torey Krug, Nick Holden - PP : Brady Skjei - PK : Esa Lindell, Nick Holden
Penalty Shots
Anze Kopitar, Bryan Rust, Kyle Connor, Conor Garland, Jakub Voracek
Custom OT Lines Forwards
Anze Kopitar, Kyle Connor, Bryan Rust, Jakub Voracek, Mikael Backlund, Conor Garland, Jared McCann, Mattias Janmark, Derek Grant, John Hayden
Custom OT Lines Defensemen
Duncan Keith, Brady Skjei, Esa Lindell, Nikita Zaitsev, Torey Krug

Scratches
Vincent Trocheck (Concussion Injury)

% Time on Ice - SAN JOSE BRONCOS

Lines # - Real PCT - Wanted PCT - Time Play
Normal Forward
1 - 34% - 36% - 15:09
2 - 30% - 33% - 13:30
3 - 26% - 25% - 11:33
4 - 10% - 6% - 4:35
Normal Defense
1 - 39% - 40% - 17:19
2 - 32% - 35% - 14:30
3 - 29% - 25% - 12:58
4 - 0% - 0% - 0:00
PP Forward
1 - 70% - 60% - 6:56
2 - 30% - 40% - 2:59
PP Defense
1 - 50% - 60% - 4:57
2 - 50% - 40% - 4:58
PK Forward
1 - 65% - 50% - 3:28
2 - 35% - 50% - 1:50
PK Defense
1 - 31% - 50% - 1:38
2 - 69% - 50% - 3:40
PK3 Forward
1 - 0% - 50%
2 - 0% - 50%
PK3 Defense
1 - 0% - 55%
2 - 0% - 45%
44 Forward
1 - 0% - 50%
2 - 0% - 50%
44 Defense
1 - 0% - 50%
2 - 0% - 50%
Last Minute Offensive  - 0:00
Last Minute Defensive  - 0:00
Total
Forward - 60:00
Defense - 60:00

% Time on Ice - VICTORIA GLADIATORS

Lines # - Real PCT - Wanted PCT - Time Play
Normal Forward
1 - 37% - 36% - 16:44
2 - 37% - 34% - 16:43
3 - 22% - 23% - 9:40
4 - 4% - 7% - 1:40
Normal Defense
1 - 41% - 40% - 18:15
2 - 34% - 35% - 15:26
3 - 21% - 25% - 9:23
4 - 4% - 0% - 1:43
PP Forward
1 - 51% - 50% - 2:41
2 - 49% - 50% - 2:37
PP Defense
1 - 50% - 50% - 2:39
2 - 50% - 50% - 2:39
PK Forward
1 - 47% - 50% - 4:40
2 - 53% - 50% - 5:15
PK Defense
1 - 44% - 50% - 4:24
2 - 56% - 50% - 5:31
PK3 Forward
1 - 0% - 50%
2 - 0% - 50%
PK3 Defense
1 - 0% - 50%
2 - 0% - 50%
44 Forward
1 - 0% - 50%
2 - 0% - 50%
44 Defense
1 - 0% - 50%
2 - 0% - 50%
Last Minute Offensive  - 0:00
Last Minute Defensive  - 0:00
Total
Forward - 60:00
Defense - 60:00

Play-by-Play

1st period


0:01 of 1st period - Anze Kopitar wins face-off versus Brayden Point in neutral zone.
0:08 of 1st period - Shot by Bryan Rust.
0:08 of 1st period - Stopped by Jacob Markstrom without a rebound.
0:09 of 1st period - Mikael Backlund wins face-off versus Evgeni Malkin in SAN JOSE BRONCOS zone.
0:15 of 1st period - Conor Garland is hit by Adam Pelech and loses puck.
0:23 of 1st period - Conor Garland is hit by Adam Pelech and loses puck.
0:32 of 1st period - Nikita Zaitsev is hit by Claude Giroux and loses puck.
1:34 of 1st period - Chris Tanev is hit by Johan Larsson and loses puck.
2:14 of 1st period - Minor Penalty to Nick Holden for Hooking.
2:15 of 1st period - Derek Grant wins face-off versus Brayden Point in VICTORIA GLADIATORS zone.
2:59 of 1st period - Torey Krug is hit by Oliver Bjorkstrand and loses puck.
3:16 of 1st period - Shot by Jesper Bratt.
3:16 of 1st period - Shot Misses the Net.
3:42 of 1st period - Shot by Anthony Beauvillier.
3:42 of 1st period - Shot Blocked by Brady Skjei.
3:44 of 1st period - Shot by Anthony Beauvillier.
3:44 of 1st period - Shot Hit the Post.
3:46 of 1st period - Shot by Jesper Bratt.
3:46 of 1st period - Stopped by Carter Hart without a rebound.
3:47 of 1st period - Johan Larsson wins face-off versus Brayden Point in VICTORIA GLADIATORS zone.
4:19 of 1st period - Shot by Charlie Coyle.
4:19 of 1st period - Shot Misses the Net.
4:22 of 1st period - Icing by Duncan Keith.
4:23 of 1st period - Anze Kopitar wins face-off versus Nick Bonino in VICTORIA GLADIATORS zone.
4:38 of 1st period - Jesper Bratt is hit by Duncan Keith and loses puck.
4:41 of 1st period - Shot by Nick Bonino.
4:41 of 1st period - Shot Misses the Net.
4:43 of 1st period - Shot by Marco Scandella.
4:43 of 1st period - Shot Blocked by Duncan Keith.
4:50 of 1st period - Icing by Duncan Keith.
4:51 of 1st period - Charlie Coyle wins face-off versus Anze Kopitar in VICTORIA GLADIATORS zone.
7:06 of 1st period - Shot by Johan Larsson.
7:06 of 1st period - Stopped by Jacob Markstrom without a rebound.
7:07 of 1st period - Derek Grant wins face-off versus Nick Bonino in SAN JOSE BRONCOS zone.
7:10 of 1st period - Shot by John Hayden.
7:10 of 1st period - Shot Misses the Net.
7:12 of 1st period - Shot by Nikita Zaitsev.
7:12 of 1st period - Stopped by Jacob Markstrom without a rebound.
7:13 of 1st period - Anze Kopitar wins face-off versus Nick Bonino in SAN JOSE BRONCOS zone.
7:22 of 1st period - Shot by Jakub Voracek.
7:22 of 1st period - Shot Misses the Net.
7:58 of 1st period - Esa Lindell is hit by Anthony Beauvillier and loses puck.
8:56 of 1st period - Shot by Kyle Connor.
8:56 of 1st period - Shot Misses the Net.
11:05 of 1st period - Shot by Anthony Beauvillier.
11:05 of 1st period - Deflect By Jesper Bratt.
11:05 of 1st period - Stopped by Carter Hart without a rebound.
11:06 of 1st period - Mikael Backlund wins face-off versus Evgeni Malkin in VICTORIA GLADIATORS zone.
11:06 of 1st period - Mikael Backlund is hit by Connor Brown.
11:18 of 1st period - Shot by Claude Giroux.
11:18 of 1st period - Deflect By Connor Brown.
11:18 of 1st period - Stopped by Carter Hart with a rebound.
11:20 of 1st period - Shot by Jaccob Slavin.
11:20 of 1st period - Shot Blocked by Brady Skjei.
11:22 of 1st period - Shot by Evgeni Malkin.
11:22 of 1st period - Deflect By Claude Giroux.
11:22 of 1st period - Shot Misses the Net.
11:44 of 1st period - Shot by Claude Giroux.
11:44 of 1st period - Deflect By Evgeni Malkin.
11:44 of 1st period - Shot Misses the Net.
12:24 of 1st period - Shot by Anthony Beauvillier.
12:24 of 1st period - Stopped by Carter Hart without a rebound.
12:25 of 1st period - Anze Kopitar wins face-off versus Charlie Coyle in VICTORIA GLADIATORS zone.
12:32 of 1st period - Shot by Jakub Voracek.
12:32 of 1st period - Deflect By Bryan Rust.
12:32 of 1st period - Shot Blocked by Tyler Motte.
12:54 of 1st period - Shot by Tyler Motte.
12:54 of 1st period - Stopped by Carter Hart without a rebound.
12:55 of 1st period - Johan Larsson wins face-off versus Anthony Beauvillier in VICTORIA GLADIATORS zone.
13:26 of 1st period - Shot by Nick Bonino.
13:26 of 1st period - Shot Misses the Net.
13:54 of 1st period - Icing by Chris Tanev.
13:55 of 1st period - Bryan Rust wins face-off versus Brayden Point in SAN JOSE BRONCOS zone.
14:06 of 1st period - Shot by Elias Lindholm.
14:06 of 1st period - Shot Blocked by Torey Krug.
14:15 of 1st period - Icing by Nick Holden.
14:16 of 1st period - Anze Kopitar wins face-off versus Evgeni Malkin in VICTORIA GLADIATORS zone.
14:18 of 1st period - Icing by Torey Krug.
14:19 of 1st period - Brayden Point wins face-off versus Anze Kopitar in VICTORIA GLADIATORS zone.
14:22 of 1st period - Shot by Oliver Bjorkstrand.
14:22 of 1st period - Stopped by Carter Hart without a rebound.
14:23 of 1st period - Brayden Point wins face-off versus Anze Kopitar in VICTORIA GLADIATORS zone.
14:57 of 1st period - Shot by Jaccob Slavin.
14:57 of 1st period - Shot Misses the Net.
15:14 of 1st period - Icing by Brady Skjei.
15:15 of 1st period - Evgeni Malkin wins face-off versus Anze Kopitar in VICTORIA GLADIATORS zone.
15:20 of 1st period - Shot by Connor Brown.
15:20 of 1st period - Shot Misses the Net.
15:43 of 1st period - Shot by Evgeni Malkin.
15:43 of 1st period - Stopped by Carter Hart with a rebound.
15:45 of 1st period - Shot by Connor Brown.
15:45 of 1st period - Stopped by Carter Hart without a rebound.
15:46 of 1st period - Nick Bonino wins face-off versus Conor Garland in VICTORIA GLADIATORS zone.
16:35 of 1st period - Icing by Conor Garland.
16:36 of 1st period - Mikael Backlund wins face-off versus Brayden Point in VICTORIA GLADIATORS zone.
17:07 of 1st period - Shot by Johan Larsson.
17:07 of 1st period - Stopped by Jacob Markstrom with a rebound.
17:21 of 1st period - Shot by Oliver Bjorkstrand.
17:21 of 1st period - Stopped by Carter Hart without a rebound.
17:22 of 1st period - Evgeni Malkin wins face-off versus Jakub Voracek in VICTORIA GLADIATORS zone.
17:54 of 1st period - Shot by Connor Brown.
17:54 of 1st period - Deflect By Evgeni Malkin.
17:54 of 1st period - Shot Blocked by Anze Kopitar.
18:18 of 1st period - Icing by Nikita Zaitsev.
18:19 of 1st period - Anze Kopitar wins face-off versus Brayden Point in VICTORIA GLADIATORS zone.
18:56 of 1st period - Shot by Elias Lindholm.
18:56 of 1st period - Deflect By Brayden Point.
18:56 of 1st period - Shot Misses the Net.
19:21 of 1st period - Anthony Beauvillier is hit by Nikita Zaitsev and loses puck.
19:30 of 1st period - Shot by Nick Bonino.
19:30 of 1st period - Stopped by Carter Hart without a rebound.
19:30 of 1st period - Minor Penalty to Brady Skjei for Hooking.
19:31 of 1st period - Claude Giroux wins face-off versus Johan Larsson in VICTORIA GLADIATORS zone.
Goals for this period are 0 for SAN JOSE BRONCOS vs 0 for VICTORIA GLADIATORS.
Shots for this period are 10 for SAN JOSE BRONCOS vs 4 for VICTORIA GLADIATORS.

2nd period


0:01 of 2nd period - Mattias Janmark wins face-off versus Brayden Point in neutral zone.
1:36 of 2nd period - Shot by Nick Bonino.
1:36 of 2nd period - Stopped by Carter Hart without a rebound.
1:37 of 2nd period - Anthony Beauvillier wins face-off versus Mikael Backlund in VICTORIA GLADIATORS zone.
2:14 of 2nd period - Shot by Nick Bonino.
2:14 of 2nd period - Shot Misses the Net.
2:25 of 2nd period - Icing by Nikita Zaitsev.
2:26 of 2nd period - Evgeni Malkin wins face-off versus Mikael Backlund in VICTORIA GLADIATORS zone.
2:26 of 2nd period - Connor Brown is hit by Nikita Zaitsev.
2:31 of 2nd period - Icing by Brady Skjei.
2:32 of 2nd period - Mikael Backlund wins face-off versus Brayden Point in VICTORIA GLADIATORS zone.
3:05 of 2nd period - Shot by Elias Lindholm.
3:05 of 2nd period - Shot Misses the Net.
3:09 of 2nd period - Shot by Brayden Point.
3:09 of 2nd period - Shot Misses the Net.
3:19 of 2nd period - Shot by Oliver Bjorkstrand.
3:19 of 2nd period - Stopped by Carter Hart without a rebound.
3:20 of 2nd period - Evgeni Malkin wins face-off versus Johan Larsson in VICTORIA GLADIATORS zone.
3:31 of 2nd period - Shot by Connor Brown.
3:31 of 2nd period - Shot Blocked by Esa Lindell.
3:46 of 2nd period - Minor Penalty to Jared McCann for Tripping.
3:47 of 2nd period - Brayden Point wins face-off versus Derek Grant in VICTORIA GLADIATORS zone.
4:14 of 2nd period - Duncan Keith is hit by Brayden Point and loses puck.
4:35 of 2nd period - Shot by Claude Giroux.
4:35 of 2nd period - Stopped by Carter Hart without a rebound.
4:36 of 2nd period - Evgeni Malkin wins face-off versus Derek Grant in VICTORIA GLADIATORS zone.
4:52 of 2nd period - Shot by Chris Tanev.
4:52 of 2nd period - Stopped by Carter Hart without a rebound.
4:53 of 2nd period - Evgeni Malkin wins face-off versus Johan Larsson in VICTORIA GLADIATORS zone.
5:25 of 2nd period - Shot by Claude Giroux.
5:25 of 2nd period - Shot Misses the Net.
5:27 of 2nd period - Shot by Evgeni Malkin.
5:27 of 2nd period - Deflect By Claude Giroux.
5:27 of 2nd period - Shot Blocked by Torey Krug.
5:29 of 2nd period - Shot by Adam Pelech.
5:29 of 2nd period - Shot Misses the Net.
5:31 of 2nd period - Shot by Adam Pelech.
5:31 of 2nd period - Shot Misses the Net.
5:33 of 2nd period - Shot by Adam Pelech.
5:33 of 2nd period - Stopped by Carter Hart without a rebound.
5:34 of 2nd period - Johan Larsson wins face-off versus Connor Brown in VICTORIA GLADIATORS zone.
5:47 of 2nd period - Shot by Elias Lindholm.
5:47 of 2nd period - Shot Misses the Net.
5:49 of 2nd period - Shot by Nick Bonino.
5:49 of 2nd period - Shot Blocked by Nikita Zaitsev.
6:09 of 2nd period - Shot by Anthony Beauvillier.
6:09 of 2nd period - Shot Blocked by Nikita Zaitsev.
6:11 of 2nd period - Shot by Nick Bonino.
6:11 of 2nd period - Deflect By Jesper Bratt.
6:11 of 2nd period - Stopped by Carter Hart without a rebound.
6:12 of 2nd period - Anze Kopitar wins face-off versus Charlie Coyle in VICTORIA GLADIATORS zone.
6:12 of 2nd period - Anze Kopitar is hit by Tyler Motte.
6:15 of 2nd period - Minor Penalty to Tyler Motte for Slashing.
6:16 of 2nd period - Evgeni Malkin wins face-off versus Anze Kopitar in SAN JOSE BRONCOS zone.
6:31 of 2nd period - Evgeni Malkin is hit by Kyle Connor and loses puck.
6:41 of 2nd period - Anze Kopitar is hit by Adam Pelech and loses puck.
7:17 of 2nd period - Icing by Conor Garland.
7:18 of 2nd period - Evgeni Malkin wins face-off versus Conor Garland in VICTORIA GLADIATORS zone.
7:23 of 2nd period - Shot by Oliver Bjorkstrand.
7:23 of 2nd period - Stopped by Carter Hart with a rebound.
7:25 of 2nd period - Shot by Oliver Bjorkstrand.
7:25 of 2nd period - Deflect By Evgeni Malkin.
7:25 of 2nd period - Shot Misses the Net.
7:46 of 2nd period - Shot by Evgeni Malkin.
7:46 of 2nd period - Stopped by Carter Hart without a rebound.
7:47 of 2nd period - Anze Kopitar wins face-off versus Nick Bonino in VICTORIA GLADIATORS zone.
8:29 of 2nd period - Off-side.
8:30 of 2nd period - Nick Bonino wins face-off versus Derek Grant in neutral zone.
8:43 of 2nd period - Shot by Nick Bonino.
8:43 of 2nd period - Shot Misses the Net.
8:59 of 2nd period - Shot by Nick Bonino.
8:59 of 2nd period - Stopped by Carter Hart without a rebound.
9:00 of 2nd period - Evgeni Malkin wins face-off versus Anze Kopitar in VICTORIA GLADIATORS zone.
9:56 of 2nd period - Off-side.
9:57 of 2nd period - Brayden Point wins face-off versus Mikael Backlund in neutral zone.
10:51 of 2nd period - Off-side.
10:52 of 2nd period - Evgeni Malkin wins face-off versus Johan Larsson in neutral zone.
10:57 of 2nd period - Shot by Connor Brown.
10:57 of 2nd period - Shot Hit the Post.
11:05 of 2nd period - Shot by Claude Giroux.
11:05 of 2nd period - Deflect By Connor Brown.
11:05 of 2nd period - Shot Blocked by Johan Larsson.
12:05 of 2nd period - Shot by Bryan Rust.
12:05 of 2nd period - Shot Misses the Net.
12:11 of 2nd period - Shot by Anze Kopitar.
12:11 of 2nd period - Shot Misses the Net.
12:13 of 2nd period - Shot by Duncan Keith.
12:13 of 2nd period - Stopped by Jacob Markstrom without a rebound.
12:14 of 2nd period - Mikael Backlund wins face-off versus Brayden Point in SAN JOSE BRONCOS zone.
12:23 of 2nd period - Shot by Kyle Connor.
12:23 of 2nd period - Shot Hit the Post.
12:28 of 2nd period - Minor Penalty to Nick Holden for Holding.
12:29 of 2nd period - Derek Grant wins face-off versus Brayden Point in VICTORIA GLADIATORS zone.
12:35 of 2nd period - Icing by Chris Tanev.
12:36 of 2nd period - Johan Larsson wins face-off versus Brayden Point in SAN JOSE BRONCOS zone.
12:43 of 2nd period - Shot by Johan Larsson.
12:43 of 2nd period - Shot Misses the Net.
12:52 of 2nd period - Icing by Elias Lindholm.
12:53 of 2nd period - Mattias Janmark wins face-off versus Brayden Point in SAN JOSE BRONCOS zone.
13:24 of 2nd period - Icing by Adam Pelech.
13:25 of 2nd period - Brayden Point wins face-off versus Derek Grant in SAN JOSE BRONCOS zone.
13:38 of 2nd period - Shot by Brayden Point.
13:38 of 2nd period - Deflect By Elias Lindholm.
13:38 of 2nd period - Shot Misses the Net.
14:28 of 2nd period - Icing by Adam Pelech.
14:29 of 2nd period - Mikael Backlund wins face-off versus Nick Bonino in SAN JOSE BRONCOS zone.
14:34 of 2nd period - Shot by Kyle Connor.
14:34 of 2nd period - Shot Blocked by Jaccob Slavin.
15:13 of 2nd period - Shot by Nick Bonino.
15:13 of 2nd period - Stopped by Carter Hart with a rebound.
15:29 of 2nd period - Shot by Tyler Motte.
15:29 of 2nd period - Shot Misses the Net.
15:35 of 2nd period - Shot by Marco Scandella.
15:35 of 2nd period - Stopped by Carter Hart without a rebound.
15:36 of 2nd period - Charlie Coyle wins face-off versus Anze Kopitar in VICTORIA GLADIATORS zone.
15:50 of 2nd period - Icing by Esa Lindell.
15:51 of 2nd period - Anze Kopitar wins face-off versus Brayden Point in VICTORIA GLADIATORS zone.
15:57 of 2nd period - Icing by Bryan Rust.
15:58 of 2nd period - Anze Kopitar wins face-off versus Charlie Coyle in VICTORIA GLADIATORS zone.
16:05 of 2nd period - Icing by Marco Scandella.
16:06 of 2nd period - Charlie Coyle wins face-off versus Anze Kopitar in SAN JOSE BRONCOS zone.
16:10 of 2nd period - Off-side.
16:11 of 2nd period - Bryan Rust wins face-off versus Brayden Point in neutral zone.
17:11 of 2nd period - Brayden Point is hit by Torey Krug and loses puck.
17:15 of 2nd period - Icing by Torey Krug.
17:16 of 2nd period - Evgeni Malkin wins face-off versus Kyle Connor in VICTORIA GLADIATORS zone.
17:45 of 2nd period - Shot by Kyle Connor.
17:45 of 2nd period - Stopped by Jacob Markstrom with a rebound.
17:47 of 2nd period - Shot by Conor Garland.
17:47 of 2nd period - Deflect By Kyle Connor.
17:47 of 2nd period - Stopped by Jacob Markstrom with a rebound.
17:49 of 2nd period - Shot by Nick Holden.
17:49 of 2nd period - Stopped by Jacob Markstrom without a rebound.
17:50 of 2nd period - Nick Bonino wins face-off versus Johan Larsson in SAN JOSE BRONCOS zone.
18:04 of 2nd period - Johan Larsson is hit by Jesper Bratt and loses puck.
18:14 of 2nd period - Shot by Jared McCann.
18:14 of 2nd period - Shot Misses the Net.
18:43 of 2nd period - Nikita Zaitsev is hit by Matt Irwin and loses puck.
19:03 of 2nd period - Minor Penalty to Matt Irwin for Holding.
19:04 of 2nd period - Evgeni Malkin wins face-off versus Mikael Backlund in SAN JOSE BRONCOS zone.
19:37 of 2nd period - Shot by Torey Krug.
19:37 of 2nd period - Stopped by Jacob Markstrom without a rebound.
19:38 of 2nd period - Evgeni Malkin wins face-off versus Anze Kopitar in SAN JOSE BRONCOS zone.
Goals for this period are 0 for SAN JOSE BRONCOS vs 0 for VICTORIA GLADIATORS.
Shots for this period are 11 for SAN JOSE BRONCOS vs 5 for VICTORIA GLADIATORS.

3rd period


0:01 of 3rd period - Jakub Voracek wins face-off versus Nick Bonino in neutral zone.
1:06 of 3rd period - Icing by Marco Scandella.
1:07 of 3rd period - Charlie Coyle wins face-off versus Johan Larsson in SAN JOSE BRONCOS zone.
1:31 of 3rd period - Shot by Charlie Coyle.
1:31 of 3rd period - Stopped by Carter Hart without a rebound.
1:32 of 3rd period - Brayden Point wins face-off versus Derek Grant in VICTORIA GLADIATORS zone.
1:33 of 3rd period - Shot by Oliver Bjorkstrand.
1:33 of 3rd period - Stopped by Carter Hart without a rebound.
1:34 of 3rd period - Anze Kopitar wins face-off versus Brayden Point in VICTORIA GLADIATORS zone.
1:45 of 3rd period - Shot by Brayden Point.
1:45 of 3rd period - Stopped by Carter Hart without a rebound.
1:46 of 3rd period - Evgeni Malkin wins face-off versus Mikael Backlund in VICTORIA GLADIATORS zone.
2:20 of 3rd period - Shot by Mikael Backlund.
2:20 of 3rd period - Shot Blocked by Hampus Lindholm.
2:42 of 3rd period - Icing by Jaccob Slavin.
2:43 of 3rd period - Anze Kopitar wins face-off versus Evgeni Malkin in SAN JOSE BRONCOS zone.
2:58 of 3rd period - Shot by Anze Kopitar.
2:58 of 3rd period - Deflect By Bryan Rust.
2:58 of 3rd period - Stopped by Jacob Markstrom without a rebound.
2:59 of 3rd period - Brayden Point wins face-off versus Johan Larsson in SAN JOSE BRONCOS zone.
3:10 of 3rd period - Shot by Brayden Point.
3:10 of 3rd period - Goal by Brayden Point - SAN JOSE BRONCOS : 1 - VICTORIA GLADIATORS : 0.
3:11 of 3rd period - Nick Bonino wins face-off versus Anze Kopitar in neutral zone.
3:44 of 3rd period - Shot by Anze Kopitar.
3:44 of 3rd period - Stopped by Jacob Markstrom without a rebound.
3:45 of 3rd period - Mikael Backlund wins face-off versus Brayden Point in SAN JOSE BRONCOS zone.
3:46 of 3rd period - Shot by Kyle Connor.
3:46 of 3rd period - Shot Hit the Post.
3:52 of 3rd period - Shot by Kyle Connor.
3:52 of 3rd period - Stopped by Jacob Markstrom without a rebound.
3:53 of 3rd period - Brayden Point wins face-off versus Mikael Backlund in SAN JOSE BRONCOS zone.
4:20 of 3rd period - Shot by Oliver Bjorkstrand.
4:20 of 3rd period - Shot Misses the Net.
4:22 of 3rd period - Shot by Oliver Bjorkstrand.
4:22 of 3rd period - Shot Blocked by Esa Lindell.
4:26 of 3rd period - Shot by Brayden Point.
4:26 of 3rd period - Stopped by Carter Hart without a rebound.
4:27 of 3rd period - Evgeni Malkin wins face-off versus Anze Kopitar in VICTORIA GLADIATORS zone.
5:13 of 3rd period - Icing by Claude Giroux.
5:14 of 3rd period - Evgeni Malkin wins face-off versus Mikael Backlund in SAN JOSE BRONCOS zone.
5:48 of 3rd period - Shot by Brayden Point.
5:48 of 3rd period - Shot Misses the Net.
5:50 of 3rd period - Shot by Chris Tanev.
5:50 of 3rd period - Shot Blocked by Conor Garland.
6:58 of 3rd period - Shot by Jesper Bratt.
6:58 of 3rd period - Deflect By Nick Bonino.
6:58 of 3rd period - Shot Misses the Net.
7:22 of 3rd period - Icing by Jaccob Slavin.
7:23 of 3rd period - Johan Larsson wins face-off versus Charlie Coyle in SAN JOSE BRONCOS zone.
7:45 of 3rd period - Hampus Lindholm is hit by Johan Larsson and loses puck.
7:57 of 3rd period - Off-side.
7:58 of 3rd period - Derek Grant wins face-off versus Brayden Point in neutral zone.
8:15 of 3rd period - Shot by Elias Lindholm.
8:15 of 3rd period - Stopped by Carter Hart without a rebound.
8:16 of 3rd period - Evgeni Malkin wins face-off versus Anze Kopitar in VICTORIA GLADIATORS zone.
8:23 of 3rd period - Shot by Claude Giroux.
8:23 of 3rd period - Deflect By Connor Brown.
8:23 of 3rd period - Shot Misses the Net.
8:25 of 3rd period - Shot by Evgeni Malkin.
8:25 of 3rd period - Shot Blocked by Brady Skjei.
8:29 of 3rd period - Shot by Connor Brown.
8:29 of 3rd period - Stopped by Carter Hart with a rebound.
8:33 of 3rd period - Shot by Claude Giroux.
8:33 of 3rd period - Stopped by Carter Hart without a rebound.
8:34 of 3rd period - Mikael Backlund wins face-off versus Brayden Point in VICTORIA GLADIATORS zone.
8:41 of 3rd period - Icing by Duncan Keith.
8:42 of 3rd period - Mikael Backlund wins face-off versus Brayden Point in VICTORIA GLADIATORS zone.
8:42 of 3rd period - Mikael Backlund is hit by Elias Lindholm.
8:50 of 3rd period - Shot by Conor Garland.
8:50 of 3rd period - Shot Blocked by Adam Pelech.
9:06 of 3rd period - Shot by Elias Lindholm.
9:06 of 3rd period - Stopped by Carter Hart with a rebound.
9:11 of 3rd period - Icing by Esa Lindell.
9:12 of 3rd period - Conor Garland wins face-off versus Evgeni Malkin in VICTORIA GLADIATORS zone.
9:19 of 3rd period - Shot by Kyle Connor.
9:19 of 3rd period - Shot Misses the Net.
9:26 of 3rd period - Off-side.
9:27 of 3rd period - Bryan Rust wins face-off versus Brayden Point in neutral zone.
9:30 of 3rd period - Shot by Anze Kopitar.
9:30 of 3rd period - Shot Misses the Net.
9:32 of 3rd period - Shot by Brady Skjei.
9:32 of 3rd period - Stopped by Jacob Markstrom without a rebound.
9:33 of 3rd period - Anze Kopitar wins face-off versus Brayden Point in SAN JOSE BRONCOS zone.
9:52 of 3rd period - Shot by Oliver Bjorkstrand.
9:52 of 3rd period - Shot Blocked by Nikita Zaitsev.
9:54 of 3rd period - Shot by Elias Lindholm.
9:54 of 3rd period - Shot Misses the Net.
9:56 of 3rd period - Shot by Brayden Point.
9:56 of 3rd period - Shot Misses the Net.
10:16 of 3rd period - Shot by Brayden Point.
10:16 of 3rd period - Shot Misses the Net.
10:18 of 3rd period - Shot by Chris Tanev.
10:18 of 3rd period - Shot Misses the Net.
10:20 of 3rd period - Shot by Oliver Bjorkstrand.
10:20 of 3rd period - Stopped by Carter Hart without a rebound.
10:21 of 3rd period - Evgeni Malkin wins face-off versus Johan Larsson in VICTORIA GLADIATORS zone.
10:34 of 3rd period - Esa Lindell is hit by Evgeni Malkin and loses puck.
10:42 of 3rd period - Icing by Mattias Janmark.
10:43 of 3rd period - Johan Larsson wins face-off versus Nick Bonino in VICTORIA GLADIATORS zone.
11:11 of 3rd period - Shot by Johan Larsson.
11:11 of 3rd period - Stopped by Jacob Markstrom without a rebound.
11:12 of 3rd period - Brayden Point wins face-off versus Anze Kopitar in SAN JOSE BRONCOS zone.
11:18 of 3rd period - Oliver Bjorkstrand is hit by Nick Holden and loses puck.
11:27 of 3rd period - Shot by Brayden Point.
11:27 of 3rd period - Stopped by Carter Hart without a rebound.
11:28 of 3rd period - Evgeni Malkin wins face-off versus Conor Garland in VICTORIA GLADIATORS zone.
11:32 of 3rd period - Minor Penalty to Nikita Zaitsev for Holding.
11:33 of 3rd period - Derek Grant wins face-off versus Brayden Point in VICTORIA GLADIATORS zone.
11:54 of 3rd period - Shot by Connor Brown.
11:54 of 3rd period - Shot Misses the Net.
12:04 of 3rd period - Shot by Elias Lindholm.
12:04 of 3rd period - Shot Blocked by Esa Lindell.
12:06 of 3rd period - Shot by Hampus Lindholm.
12:06 of 3rd period - Shot Blocked by Esa Lindell.
12:22 of 3rd period - Shot by Brayden Point.
12:22 of 3rd period - Stopped by Carter Hart with a rebound.
14:07 of 3rd period - Shot by Jakub Voracek.
14:07 of 3rd period - Stopped by Jacob Markstrom without a rebound.
14:08 of 3rd period - Charlie Coyle wins face-off versus Mikael Backlund in SAN JOSE BRONCOS zone.
14:24 of 3rd period - Shot by Conor Garland.
14:24 of 3rd period - Stopped by Jacob Markstrom without a rebound.
14:25 of 3rd period - Johan Larsson wins face-off versus Evgeni Malkin in SAN JOSE BRONCOS zone.
14:25 of 3rd period - Mattias Janmark is hit by Adam Pelech and loses puck.
14:37 of 3rd period - Off-side.
14:38 of 3rd period - Mikael Backlund wins face-off versus Brayden Point in neutral zone.
14:41 of 3rd period - Shot by Kyle Connor.
14:41 of 3rd period - Stopped by Jacob Markstrom without a rebound.
14:42 of 3rd period - Mikael Backlund wins face-off versus Brayden Point in SAN JOSE BRONCOS zone.
15:09 of 3rd period - Kyle Connor is hit by Hampus Lindholm and loses puck.
15:22 of 3rd period - Shot by Oliver Bjorkstrand.
15:22 of 3rd period - Stopped by Carter Hart without a rebound.
15:23 of 3rd period - Evgeni Malkin wins face-off versus Anze Kopitar in VICTORIA GLADIATORS zone.
15:28 of 3rd period - Shot by Evgeni Malkin.
15:28 of 3rd period - Shot Blocked by Brady Skjei.
15:37 of 3rd period - Claude Giroux is hit by Nikita Zaitsev and loses puck.
16:34 of 3rd period - Shot by Mattias Janmark.
16:34 of 3rd period - Stopped by Jacob Markstrom without a rebound.
16:35 of 3rd period - Mikael Backlund wins face-off versus Brayden Point in SAN JOSE BRONCOS zone.
17:33 of 3rd period - Icing by Duncan Keith.
17:34 of 3rd period - Mikael Backlund wins face-off versus Nick Bonino in VICTORIA GLADIATORS zone.
18:29 of 3rd period - Shot by Evgeni Malkin.
18:29 of 3rd period - Shot Blocked by Nick Holden.
18:39 of 3rd period - Minor Penalty to Adam Pelech for Holding.
18:40 of 3rd period - Anze Kopitar wins face-off versus Evgeni Malkin in SAN JOSE BRONCOS zone.
18:51 of 3rd period - Shot by Bryan Rust.
18:51 of 3rd period - Stopped by Jacob Markstrom with a rebound.
18:53 of 3rd period - Shot by Nikita Zaitsev.
18:53 of 3rd period - Stopped by Jacob Markstrom with a rebound.
18:55 of 3rd period - Shot by Nikita Zaitsev.
18:55 of 3rd period - Shot Misses the Net.
19:19 of 3rd period - Hampus Lindholm is hit by Jared McCann and loses puck.
19:22 of 3rd period - VICTORIA GLADIATORS, Carter Hart is pulled from the net.
19:44 of 3rd period - Icing by Mikael Backlund.
19:45 of 3rd period - Carter Hart from VICTORIA GLADIATORS was sent back in the game.
19:45 of 3rd period - Mikael Backlund wins face-off versus Evgeni Malkin in VICTORIA GLADIATORS zone.
19:52 of 3rd period - VICTORIA GLADIATORS, Carter Hart is pulled from the net.
Goals for this period are 1 for SAN JOSE BRONCOS vs 0 for VICTORIA GLADIATORS.
Shots for this period are 13 for SAN JOSE BRONCOS vs 11 for VICTORIA GLADIATORS.


SCOTT
LAUGHTON
IGOR
SHESTERKIN
ALEX
TUCH

EAST COAST

HOCKEY LEAGUE

  • 9.CHI2QUE6
  • 10.LIM2CHA3
  • 11.LON6TRV4
  • 12.BAL3CHW2
  • 13.MANPIT
  • 14.NHWATL
  • 15.PETWOR
  • 16.RHI